| TOP OF THE 1ST |
|
Louisiana State University Tigers batting - Pitching for University of Alabama Crimson Tide : RHP Mike Sisson
|
|
Pitching: RHP Mike Sisson
|
|
|
Batting: RHB Peter Turcotte
|
0-0: Foul Ball, location: 2F 0-1: Called Strike 0-2: Strikes out looking
|
|
Batting: RHB Pete Roberts
|
0-0: Called Strike 0-1: Foul Ball, location: 2F 0-2: Fly out, F7 (Flyball, 7LD, EV 75.6 MPH)
|
|
Batting: RHB Leo Roldan
|
0-0: Ball 1-0: Ground out 1-3 (Groundball, P, EV 68.8 MPH)
|
| Top of the 1st over - 0 runs, 0 hits, 0 errors, 0 left on base; Louisiana State University 0 - University of Alabama 0 |
| BOTTOM OF THE 1ST |
|
University of Alabama Crimson Tide batting - Pitching for Louisiana State University Tigers : RHP Sal Ganzalez
|
|
Pitching: RHP Sal Ganzalez
|
|
|
Batting: RHB Danny Rosario
|
0-0: Ball 1-0: Ball 2-0: Called Strike 2-1: Ball 3-1: Ground out U3 (Groundball, 34, EV 85.0 MPH)
|
|
Batting: LHB Joe Blackwood
|
0-0: Ground out 4-3 (Groundball, 34, EV 103.1 MPH)
|
|
Batting: RHB Hughie Withers
|
0-0: Called Strike 0-1: Foul Ball, location: 2F 0-2: Ball 1-2: Strikes out swinging
|
| Bottom of the 1st over - 0 runs, 0 hits, 0 errors, 0 left on base; Louisiana State University 0 - University of Alabama 0 |
| TOP OF THE 2ND |
|
Louisiana State University Tigers batting - Pitching for University of Alabama Crimson Tide : RHP Mike Sisson
|
|
Batting: LHB Alex Morales
|
0-0: Swinging Strike 0-1: Ball 1-1: Called Strike 1-2: Ball 2-2: Strikes out looking
|
|
Batting: LHB Josh Lane
|
0-0: Ball 1-0: Called Strike 1-1: Foul Ball, location: 2F 1-2: Strikes out looking
|
|
Batting: RHB Winston Vasquez
|
0-0: Called Strike 0-1: Ball 1-1: Ball 2-1: Foul Ball, location: 2F 2-2: Strikes out swinging
|
| Top of the 2nd over - 0 runs, 0 hits, 0 errors, 0 left on base; Louisiana State University 0 - University of Alabama 0 |
| BOTTOM OF THE 2ND |
|
University of Alabama Crimson Tide batting - Pitching for Louisiana State University Tigers : RHP Sal Ganzalez
|
|
Batting: RHB Larry Brown
|
0-0: DOUBLE (Groundball, 5L, EV 104.4 MPH)
|
|
Batting: LHB Yu-shu Ni
|
0-0: DOUBLE (Line Drive, 89D, EV 111.2 MPH) Larry Brown scores
|
|
Batting: RHB Gustavo Delgado
|
0-0: Ball 1-0: Swinging Strike 1-1: Fly out, F7 (Flyball, 7LD, EV 98.1 MPH) Runner from 2nd tags up, SAFE at 3rd, no throw by LF
|
|
Batting: RHB Matt Williams
|
0-0: Ball 1-0: Ball 2-0: Ball 3-0: Foul Ball, location: 2F 3-1: Base on Balls
|
|
Batting: LHB Robby Ramires
|
0-0: Swinging Strike 0-1: Fly out, F8 (Flyball, 8RXD, EV 90.6 MPH) Runner from 3rd tags up, SCORES, no throw by CF
|
|
Batting: LHB Brian Van
|
0-0: Ball 1-0: Foul Ball, location: 2F 1-1: Called Strike 1-2: Strikes out looking
|
| Bottom of the 2nd over - 2 runs, 2 hits, 0 errors, 1 left on base; Louisiana State University 0 - University of Alabama 2 |
| TOP OF THE 3RD |
|
Louisiana State University Tigers batting - Pitching for University of Alabama Crimson Tide : RHP Mike Sisson
|
|
Batting: RHB David Olivarez
|
0-0: Foul Ball, location: 2F 0-1: Ball 1-1: Ball 2-1: Ball 3-1: Ground out 4-3 (Groundball, 4, EV 100.6 MPH)
|
|
Batting: LHB Oscar Rivera
|
0-0: Called Strike 0-1: Ball 1-1: Called Strike 1-2: Ball 2-2: Foul Ball, location: 2F 2-2: Foul Ball, location: 2F 2-2: Fly out, F1 (Popup, P, EV 76.2 MPH)
|
|
Batting: RHB Jesus Resendez
|
0-0: Ball 1-0: Ball 2-0: Ball 3-0: Called Strike 3-1: Base on Balls
|
|
Batting: RHB Peter Turcotte
|
0-0: Ball 1-0: Called Strike Pickoff Throw by Catcher to First - Error! E2 Jesus Resendez to second 1-1: Ball 2-1: Ball 3-1: Base on Balls
|
|
Batting: RHB Pete Roberts
|
0-0: Fly out, F8 (Flyball, 8RD, EV 97.5 MPH)
|
| Top of the 3rd over - 0 runs, 0 hits, 1 error, 2 left on base; Louisiana State University 0 - University of Alabama 2 |
| BOTTOM OF THE 3RD |
|
University of Alabama Crimson Tide batting - Pitching for Louisiana State University Tigers : RHP Sal Ganzalez
|
|
Batting: RHB Danny Rosario
|
0-0: Foul Ball, location: 2F 0-1: Fly out, F8 (Flyball, 8LD, EV 95.6 MPH)
|
|
Batting: LHB Joe Blackwood
|
0-0: Called Strike 0-1: Ball 1-1: Ball 2-1: Ball 3-1: Fly out, F6 (Popup, 6D, EV 58.1 MPH)
|
|
Batting: RHB Hughie Withers
|
0-0: Foul Ball, location: 2F 0-1: Called Strike 0-2: Ball 1-2: Ball 2-2: Ball 3-2: Strikes out swinging
|
| Bottom of the 3rd over - 0 runs, 0 hits, 0 errors, 0 left on base; Louisiana State University 0 - University of Alabama 2 |
| TOP OF THE 4TH |
|
Louisiana State University Tigers batting - Pitching for University of Alabama Crimson Tide : RHP Mike Sisson
|
|
Batting: RHB Leo Roldan
|
0-0: Ball 1-0: Fly out, F7 (Flyball, 7, EV 87.5 MPH)
|
|
Batting: LHB Alex Morales
|
0-0: Called Strike 0-1: Foul Ball, location: 2F 0-2: Ball 1-2: Ball 2-2: Strikes out swinging
|
|
Batting: LHB Josh Lane
|
0-0: Ball 1-0: Called Strike 1-1: Ball 2-1: Foul Ball, location: 2F 2-2: Strikes out swinging
|
| Top of the 4th over - 0 runs, 0 hits, 0 errors, 0 left on base; Louisiana State University 0 - University of Alabama 2 |
| BOTTOM OF THE 4TH |
|
University of Alabama Crimson Tide batting - Pitching for Louisiana State University Tigers : RHP Sal Ganzalez
|
|
Batting: RHB Larry Brown
|
0-0: Called Strike 0-1: Foul Ball, location: 2F 0-2: Ball 1-2: Ball 2-2: Ball 3-2: Foul Ball, location: 7LSF, Error on foul ball, E7 3-2: SINGLE (Groundball, 4, EV 98.1 MPH)
|
|
Batting: LHB Yu-shu Ni
|
0-0: Ball 1-0: Called Strike 1-1: Foul Ball, location: 2F 1-2: Ball 2-2: Grounds into double play, 6-4-3 (Groundball, 6, EV 109.4 MPH)
|
|
Batting: RHB Gustavo Delgado
|
0-0: Ball 1-0: Swinging Strike 1-1: Ball 2-1: Ball 3-1: Swinging Strike 3-2: Foul Ball, location: 2F 3-2: Fly out, F9 (Line Drive, 9, EV 95.6 MPH)
|
| Bottom of the 4th over - 0 runs, 1 hit, 1 error, 0 left on base; Louisiana State University 0 - University of Alabama 2 |
| TOP OF THE 5TH |
|
Louisiana State University Tigers batting - Pitching for University of Alabama Crimson Tide : RHP Mike Sisson
|
|
Batting: RHB Winston Vasquez
|
0-0: Called Strike 0-1: Fly out, F8 (Flyball, 8LD, EV 93.1 MPH)
|
|
Batting: RHB David Olivarez
|
0-0: Fly out, F3 (Popup, 3F, EV 65.0 MPH)
|
|
Batting: LHB Oscar Rivera
|
0-0: Reached on error, E6 (Groundball, 6, EV 103.8 MPH)
|
|
Batting: RHB Jesus Resendez
|
0-0: Ball 1-0: Ground out U3 (Groundball, 3, EV 80.0 MPH)
|
| Top of the 5th over - 0 runs, 0 hits, 1 error, 1 left on base; Louisiana State University 0 - University of Alabama 2 |
| BOTTOM OF THE 5TH |
|
University of Alabama Crimson Tide batting - Pitching for Louisiana State University Tigers : RHP Sal Ganzalez
|
|
Batting: RHB Matt Williams
|
0-0: Ball 1-0: Foul Ball, location: 2F 1-1: Called Strike 1-2: Ball 2-2: Ball 3-2: Strikes out swinging
|
|
Batting: LHB Robby Ramires
|
0-0: Called Strike 0-1: Called Strike 0-2: Strikes out swinging
|
|
Batting: LHB Brian Van
|
0-0: Fly out, F7 (Flyball, 7LM, EV 85.6 MPH)
|
| Bottom of the 5th over - 0 runs, 0 hits, 0 errors, 0 left on base; Louisiana State University 0 - University of Alabama 2 |
| TOP OF THE 6TH |
|
Louisiana State University Tigers batting - Pitching for University of Alabama Crimson Tide : RHP Mike Sisson
|
|
Batting: RHB Peter Turcotte
|
0-0: Ball 1-0: Foul Ball, location: 2F 1-1: Ball 2-1: Foul Ball, location: 2F 2-2: Strikes out swinging
|
|
Batting: RHB Pete Roberts
|
0-0: Called Strike 0-1: Ball 1-1: Ball 2-1: Ball 3-1: Ground out 5-3 (Groundball, 56S, EV 87.5 MPH)
|
|
Batting: RHB Leo Roldan
|
0-0: Called Strike 0-1: Ball 1-1: Fly out, F8 (Flyball, 8LM, EV 88.8 MPH)
|
| Top of the 6th over - 0 runs, 0 hits, 0 errors, 0 left on base; Louisiana State University 0 - University of Alabama 2 |
| BOTTOM OF THE 6TH |
|
University of Alabama Crimson Tide batting - Pitching for Louisiana State University Tigers : RHP Sal Ganzalez
|
|
Batting: RHB Danny Rosario
|
0-0: Swinging Strike 0-1: Foul Ball, location: 2F 0-2: Ball 1-2: Strikes out swinging
|
|
Batting: LHB Joe Blackwood
|
0-0: Ball 1-0: Ball 2-0: Called Strike 2-1: Ball 3-1: Base on Balls
|
|
Pitching: RHP Brett Carothers
|
|
|
Batting: RHB Hughie Withers
|
0-0: Ball 1-0: Hit by Pitch Joe Blackwood to second
|
|
Batting: RHB Larry Brown
|
0-0: Ball 1-0: Ball 2-0: Swinging Strike 2-1: Ball 3-1: Called Strike 3-2: Strikes out swinging
|
|
Batting: LHB Yu-shu Ni
|
0-0: SINGLE (Line Drive, 9S, EV 99.4 MPH) Joe Blackwood to third Hughie Withers to second Throwing error, E9 Joe Blackwood scores Hughie Withers to third Yu-shu Ni to second
|
|
Pinch Hitting: LHB Platon Protopsaltis
|
0-0: Ball 1-0: Called Strike 1-1: Fly out, F9 (Flyball, 9LM, EV 105.6 MPH)
|
| Bottom of the 6th over - 1 run, 1 hit, 1 error, 2 left on base; Louisiana State University 0 - University of Alabama 3 |
| TOP OF THE 7TH |
|
Louisiana State University Tigers batting - Pitching for University of Alabama Crimson Tide : RHP Mike Sisson
|
|
Now at 1B: Onorato Zacagnini
|
|
|
Batting: LHB Alex Morales
|
0-0: Foul Ball, location: 2F 0-1: Fly out, F8 (Flyball, 8RD, EV 86.9 MPH)
|
|
Batting: LHB Josh Lane
|
0-0: Called Strike 0-1: Ball 1-1: Swinging Strike 1-2: Foul Ball, location: 2F 1-2: Strikes out swinging
|
|
Batting: RHB Winston Vasquez
|
0-0: Ball 1-0: Ball 2-0: Fly out, F8 (Line Drive, 8LM, EV 90.6 MPH)
|
| Top of the 7th over - 0 runs, 0 hits, 0 errors, 0 left on base; Louisiana State University 0 - University of Alabama 3 |
| BOTTOM OF THE 7TH |
|
University of Alabama Crimson Tide batting - Pitching for Louisiana State University Tigers : RHP Brett Carothers
|
|
Pinch Hitting: LHB Dallas Shaw
|
0-0: Ball 1-0: Ball 2-0: Swinging Strike 2-1: Ball 3-1: Base on Balls
|
|
Batting: LHB Robby Ramires
|
0-0: Ball 1-0: Ball 2-0: Foul Ball, location: 2F 2-1: Foul Ball, location: 2F 2-2: Foul Ball, location: 2F 2-2: Strikes out looking
|
|
Batting: LHB Brian Van
|
0-0: Fielders Choice at 2nd, 4-6 (Groundball, 34, EV 111.2 MPH)
|
|
Batting: RHB Danny Rosario
|
0-0: Called Strike 0-1: Called Strike 0-2: Foul Ball, location: 2F 0-2: Strikes out swinging
|
| Bottom of the 7th over - 0 runs, 0 hits, 0 errors, 1 left on base; Louisiana State University 0 - University of Alabama 3 |
| TOP OF THE 8TH |
|
Louisiana State University Tigers batting - Pitching for University of Alabama Crimson Tide : RHP Mike Sisson
|
|
Now at 3B: Mike Bidwell
|
|
|
Batting: RHB David Olivarez
|
0-0: Called Strike 0-1: Ball 1-1: Ground out 5-3 (Groundball, 56S, EV 93.1 MPH)
|
|
Pinch Hitting: SHB Brian Caruso
|
0-0: SINGLE (Groundball, 5L, EV 85.0 MPH) (infield hit)
|
|
Pitching: RHP Francisco Rodriquez
|
|
|
Pinch Hitting: LHB Manny Grado
|
0-0: Called Strike 0-1: Ball 1-1: Ball 2-1: Fielders Choice at 2nd, 4-6 (Groundball, 4M, EV 80.0 MPH)
|
|
Pinch Hitting: RHB Byung-hee Jee
|
0-0: Called Strike 0-1: Called Strike 0-2: Ball 1-2: Fly out, F3 (Line Drive, 3, EV 71.9 MPH)
|
| Top of the 8th over - 0 runs, 1 hit, 0 errors, 1 left on base; Louisiana State University 0 - University of Alabama 3 |
| BOTTOM OF THE 8TH |
|
University of Alabama Crimson Tide batting - Pitching for Louisiana State University Tigers : RHP Brett Carothers
|
|
Pitching: RHP Jessie Amann
|
|
|
Now at 1B: Zachary Acker
|
|
|
Now in LF: Brian Caruso
|
|
|
Now in RF: Manny Grado
|
|
|
Batting: LHB Joe Blackwood
|
0-0: Foul Ball, location: 2F 0-1: SINGLE (Groundball, 3D, EV 106.9 MPH)
|
|
Batting: RHB Hughie Withers
|
0-0: Called Strike Joe Blackwood is caught stealing 2nd base 2-4 0-1: Ball 1-1: Ball 2-1: Swinging Strike 2-2: Fly out, F7 (Flyball, 7, EV 86.2 MPH)
|
|
Batting: RHB Larry Brown
|
0-0: Swinging Strike 0-1: Called Strike 0-2: Strikes out swinging
|
| Bottom of the 8th over - 0 runs, 1 hit, 0 errors, 0 left on base; Louisiana State University 0 - University of Alabama 3 |
| TOP OF THE 9TH |
|
Louisiana State University Tigers batting - Pitching for University of Alabama Crimson Tide : RHP Francisco Rodriquez
|
|
Pitching: RHP Marco Soto
|
|
|
Batting: RHB Stewart Walker
|
0-0: Called Strike 0-1: Foul Ball, location: 2F 0-2: Ball 1-2: Ball 2-2: Ball 3-2: Strikes out swinging
|
|
Pinch Hitting: LHB Jon Valdez
|
0-0: Ground out 5-3 (Groundball, 15, EV 90.6 MPH)
|
|
Pinch Hitting: SHB Paul Blaylock
|
0-0: Swinging Strike 0-1: Ball 1-1: Foul Ball, location: 2F 1-2: Ball 2-2: Strikes out swinging
|
| Top of the 9th over - 0 runs, 0 hits, 0 errors, 0 left on base; Louisiana State University 0 - University of Alabama 3 |
|